 Dungeon Crawl Stone Soup version 0.18-a0-943-g2c08dd4 (webtiles) character file.

56 filipzpl the Firebug (level 3, 0/26 HPs)
             Began as a Hill Orc Fire Elementalist on Dec 28, 2015.
             Slain by an orc
             ... wielding a +0 whip
              (1 damage)
             ... on level 3 of the Dungeon.
             The game lasted 00:09:26 (2612 turns).

filipzpl the Firebug (Hill Orc Fire Elementalist)   Turns: 2612, Time: 00:09:26

Health: 0/26       AC:  2    Str: 10    XL:     3   Next: 95%
Magic:  0/6        EV: 12    Int: 16    God:
Gold:   165        SH:  0    Dex: 11    Spells: 2 memorised, 2 levels left

rFire  . . .     SeeInvis .     (no weapon)
rCold  . . .     Gourm    .     a - +0 robe
rNeg   . . .     Faith    .     (no shield)
rPois  .         Spirit   .     (no helmet)
rElec  .         Dismiss  .     (no cloak)
rCorr  .         Reflect  .     (no gloves)
SustAt .         Harm     .     (no boots)
MR     .....                    (no amulet)
Stlth  ++........               (no ring)
                                (no ring)

@: not resistant to hostile enchantments, unstealthy
A: no striking features
a: no special abilities


You were on level 3 of the Dungeon.
You were very hungry.

You visited 1 branch of the dungeon, and saw 3 of its levels.

You collected 165 gold pieces.

Inventory:

Armour
 a - a +0 robe (worn)
Scrolls
 e - 4 scrolls of identify {unknown}
 i - a scroll of enchant weapon {unknown}
 j - 3 scrolls of remove curse {unknown}
 l - a scroll of enchant armour {unknown}
 m - a scroll of noise {unknown}
 q - a scroll of teleportation {unknown}
Potions
 d - a potion of flight {unknown}
 f - a potion of heal wounds {unknown}
 g - a potion of brilliance {unknown}
 h - 2 potions of agility {unknown}
 k - a potion of might {unknown}
 n - 2 potions of haste {unknown}
 o - a potion of degeneration {unknown}
Books
 b - a book of Flames

   Spells                             Type                      Level
   a - Flame Tongue                   Conjuration/Fire             1
   b - Throw Flame                    Conjuration/Fire             2
   c - Conjure Flame                  Conjuration/Fire             3
   d - Inner Flame                    Hexes/Fire                   3
   e - Sticky Flame                   Conjuration/Fire             4
   f - Fireball                       Conjuration/Fire             5
Comestibles
 c - 3 bread rations
 p - a beef jerky


   Skills:
 - Level 1.5 Dodging
 - Level 1.5 Stealth
 * Level 2.2 Spellcasting
 + Level 1.9 Conjurations
 + Level 1.0 Hexes
 - Level 3.8 Fire Magic


You had 2 spell levels left.
You knew the following spells:

 Your Spells              Type           Power        Failure   Level  Hunger
a - Flame Tongue          Conj/Fire      ##...        10%         1    #......
b - Inner Flame           Hex/Fire       #.......     21%         3    ###....


Dungeon Overview and Level Annotations

Branches:
Dungeon (3/15)

Altars:


Message History

The orc barely misses you. The orc barely misses you.
Casting: Flame Tongue
Confirm with . or Enter, or press ? or * to list all spells.
Aiming: Flame Tongue
Press: ? - help, Shift-Dir - straight line, f/p - orc
Aim: an orc, wielding a whip and wearing a chain mail (heavily wounded)
The flame tongue misses the orc.
The orc hits you with a whip.
* * * LOW HITPOINT WARNING * * *
Casting: Flame Tongue
Confirm with . or Enter, or press ? or * to list all spells.
Aiming: Flame Tongue
Press: ? - help, Shift-Dir - straight line, f/p - orc
Aim: an orc, wielding a whip and wearing a chain mail (heavily wounded)
The flame tongue hits the orc.
The orc is severely wounded.
The orc hits you with a whip.
* * * LOW HITPOINT WARNING * * *
The orc hits you with a whip.
You die...

#..#.#.#.##.....##
#..#.#.#.......##
#......#.####.##
#......o.# #.#
####.##### #.# #.#
#+# ######.##
#.o[#...##
#.#@.....#
#.......###
##........+
#.#...####
#.##.#####
#.##.....#
#.##.###.# #.##.#
#.....


You could see an orc.

Vanquished Creatures
  An adder (D:2)
  A giant gecko (D:2)
  2 orcs (D:3)
  4 bats
  3 giant cockroaches
  7 goblins
  7 hobgoblins
  A quokka (D:2)
  2 ball pythons (D:1)
  A giant newt (D:2)
  5 kobolds
  7 rats
41 creatures vanquished.

Notes
Turn   | Place    | Note
--------------------------------------------------------------
     0 | D:1      | filipzpl the Hill Orc Fire Elementalist began the quest for the Orb.
     0 | D:1      | Reached XP level 1. HP: 14/14 MP: 3/3
   212 | D:1      | Reached XP level 2. HP: 12/20 MP: 0/4
   644 | D:1      | Reached XP level 3. HP: 23/26 MP: 1/6
   697 | D:1      | Learned a level 3 spell: Inner Flame
  2505 | D:3      | Reached skill level 1 in Hexes
  2605 | D:3      | HP: 1/26 [orc/whip (2)]
  2612 | D:3      | Slain by an orc

Vault maps used:
D:1:      lightli_arrival_noodles
D:2:      serial_bayou_crossing
D:3:      old_standard_altar, uniq_robin

Action                   || total
-------------------------++-------
Melee: Unarmed           ||    39
 Cast: Flame Tongue      ||    71
       Inner Flame       ||     2
  Eat: Bread ration      ||     1
       Chunk             ||     1
